 Dungeon Crawl Stone Soup version 0.20.1-1-g8b1a95d (webtiles) character file.

35 Gremour the Chopper (level 3, 0/31 HPs)
             Began as a Hill Orc Abyssal Knight on Oct 30, 2017.
             Was a Follower of Lugonu.
             Slain by an adder (1 damage)
             ... on level 2 of the Dungeon.
             The game lasted 00:07:28 (1324 turns).

Gremour the Chopper (Hill Orc Abyssal Knight)       Turns: 1324, Time: 00:07:29

Health: 0/31       AC:  5    Str: 14    XL:     3   Next: 33%
Magic:  4/4        EV: 10    Int: 12    God:    Lugonu [*.....]
Gold:   55         SH:  0    Dex: 11    Spells: 2/2 levels left

rFire    . . .     SeeInvis .   a - +1 hand axe
rCold    . . .     Gourm    .   (no shield)
rNeg     . . .     Faith    .   k - +0 ring mail
rPois    .         Spirit   .   (no helmet)
rElec    .         Reflect  .   (no cloak)
rCorr    .         Harm     .   (no gloves)
MR       .....                  (no boots)
Stlth    +.........             (no amulet)
Regen    0.1/turn               (no ring)
MPRegen  0.1/turn               (no ring)

@: lethally poisoned (0 -> -15), flying
A: no striking features
a: Depart the Abyss, Renounce Religion


You were on level 2 of the Dungeon.
You worshipped Lugonu.
Lugonu was aware of your devotion.
You were not hungry.

You visited 1 branch of the dungeon, and saw 2 of its levels.
You visited the Abyss 1 time.

You collected 55 gold pieces.

Inventory:

Hand Weapons
 a - a +1 hand axe (weapon)
Armour
 k - a +0 ring mail (worn)
Scrolls
 e - a scroll of amnesia {unknown}
 f - 4 scrolls of identify {unknown}
 g - a scroll of teleportation {unknown}
 i - 3 scrolls of remove curse {unknown}
Potions
 d - a potion of degeneration {unknown}
 h - a potion of curing {unknown}
 j - a potion of flight
Comestibles
 c - a bread ration


   Skills:
 - Level 3.6 Fighting
 * Level 4.9 Axes
 - Level 2.1 Armour
 - Level 0.7 Dodging
 - Level 2.4 Invocations


You had 2 spell levels left.
You didn't know any spells.

Dungeon Overview and Level Annotations

Branches:
Dungeon (2/15)

Altars:


Message History

The adder is severely wounded.
You feel sick. The adder bites you. The adder bites you but does no damage.
The gnoll barely misses you.
You closely miss the adder.
The adder is severely wounded.
You feel sick. The adder bites you.
* * * LOW HITPOINT WARNING * * *
You are lethally poisoned!
The adder poisons you!
The gnoll hits you from afar with a spear.
* * * LOW HITPOINT WARNING * * *
It was a potion of flight.
You feel very buoyant.
You fly up into the air.
* * * LOW HITPOINT WARNING * * *
You feel sick. The adder bites you.
* * * LOW HITPOINT WARNING * * *
You are more poisoned.
The adder poisons you! The adder bites you.
You die...

....# ....# ....#
(##########################
(...<....#.........#.......
.........#.........#.......
...................#..g....
......###........Sg#.......
......# #....###@#.'.......
......# #.#### #.###.......
......# #.# #.# #######
......# #.# #.# ......# #.#
#.# ......# #.# #.# ......#
#.######.# #######
#........# ##########


You could see a gnoll and an adder.

Vanquished Creatures
  A leopard gecko (D:1)
  A ball python (D:1)
  2 giant cockroaches (D:1)
  5 goblins
  5 hobgoblins
  2 jackals (D:1)
  A quokka (D:2)
  7 bats
  4 kobolds
  2 rats (D:1)
30 creatures vanquished.

Vanquished Creatures (others)
  A lurking horror (Abyss:1)
1 creature vanquished.

Grand Total: 31 creatures vanquished

Notes
Turn   | Place    | Note
-------+----------+-------------------------------------------
     0 | Abyss:1  | Gremour the Hill Orc Abyssal Knight began the quest for the Orb.
     0 | Abyss:1  | Reached XP level 1. HP: 19/19 MP: 2/2
   138 | Abyss:1  | Noticed a small abomination
   146 | D:1      | Escaped the Abyss
   184 | D:1      | Reached skill level 3 in Axes
   538 | D:1      | Reached XP level 2. HP: 25/26 MP: 3/3
   703 | D:1      | Reached * piety under Lugonu
   774 | D:1      | Reached skill level 4 in Axes
  1121 | D:1      | Reached XP level 3. HP: 27/31 MP: 4/4
  1324 | D:2      | HP: 1/31 [adder (3)]
  1324 | D:2      | Slain by an adder

Skill      XL: |  1  2 |
---------------+-------+-----
Axes           | 3 4 |  4.9
Fighting       | |  3.6
Armour         | |  2.1
Dodging        | |  0.7
Invocations    | |  2.4

Action                   || total
-------------------------++-------
Melee: Hand axe          ||    88
Invok: Depart the Abyss  ||     1
  Use: Potion            ||     1
  Eat: Chunk             ||     1
Armor: Leather armour    ||    21
       Ring mail         ||    16
Dodge: Dodged            ||    66
